 Dungeon Crawl Stone Soup version 0.24-a0-167-g029c7ce0ac (webtiles) character file.

Game seed: 8691750960249859770

240234 MirrMurr the Markscentaur (level 18, 0/174 HPs)
             Began as a Centaur Berserker on Mar 7, 2019.
             Was the Champion of Trog.
             Slain by a spriggan defender
             ... wielding a +1 demon whip of draining
              (1 damage)
             ... on level 1 of the Vaults.
             The game lasted 01:51:32 (48868 turns).

MirrMurr the Markscentaur (Centaur Berserker)      Turns: 48868, Time: 01:51:32

Health: 0/174      AC: 27    Str: 25    XL:     18   Next: 61%
Magic:  18/18      EV:  5    Int: 13    God:    Trog [******]
Gold:   1199       SH:  0    Dex: 17    Spells: 17/17 levels left

rFire    . . .     SeeInvis .   b - +8 lajatang of the Lame Duck {flame, +Fly Int+4 Dex+2 Stlth-}
rCold    . . .     Gourm    .   (shield currently unavailable)
rNeg     . . .     Faith    .   J - +8 orange crystal plate armour {Archmagi, Int+3 Clar}
rPois    +         Spirit   .   N - +2 helmet
rElec    +         Reflect  .   D - +2 cloak
rCorr    +         Harm     .   T - +2 pair of gloves of Uskayaw's Displeasure {rPois rCorr}
MR       +....     Clarity  +   (no barding)
Stlth    ..........             Q - amulet of the acrobat
HPRegen  0.39/turn              K - ring of Aplooj {*Contam +Fly rElec Dex+3}
MPRegen  0.16/turn              M - +4 ring of evasion

@: extremely drained, very quick
A: large, hooves 3, deformed body, speed 2, tough skin 3
}: 2/15 runes: barnacled, gossamer
a: Berserk, Trog's Hand, Brothers in Arms, Renounce Religion, Evoke Flight


You were on level 1 of the Vaults.
You worshipped Trog.
Trog was exalted by your worship.
You were not hungry.

You visited 6 branches of the dungeon, and saw 32 of its levels.
You also visited: Sewer and Bailey.

You collected 2709 gold pieces.
You spent 1510 gold pieces at shops.

Inventory:

Hand Weapons
 a - a +9 longbow of freezing
 b - the +8 lajatang of the Lame Duck (weapon) {flame, +Fly Int+4 Dex+2 Stlth-}
   (You bought it in a shop on level 2 of the Orcish Mines)

   It has been specially enchanted to burn those struck by it, causing extra
   injury to most foes and up to half again as much damage against particularly
   susceptible opponents.
   Big, fiery blades are also staple armaments of hydra-hunters.
   It affects your intelligence (+4).
   It affects your dexterity (+2).
   It lets you fly.
   It makes you less stealthy.
 q - a +0 blowgun
 w - a +4 antimagic lajatang
Missiles
 e - 3 throwing nets (quivered)
 v - 122 poisoned needles
 x - 300 arrows
 L - 7 curare-tipped needles
Armour
 D - a +2 cloak (worn)
 J - the +8 orange crystal plate armour (worn) {Archmagi, Int+3 Clar}
   (You acquired it on level 8 of the Dungeon)

   It affects your intelligence (+3).
   It protects you against confusion.
 N - a +2 helmet (worn)
 T - the +2 pair of gloves of Uskayaw's Displeasure (worn) {rPois rCorr}
   (You acquired it on level 3 of the Spider Nest)

   It protects you from poison.
   It provides partial protection from all sources of acid and corrosion.
Jewellery
 h - an uncursed ring of fire
 i - a +3 ring of dexterity
 j - an uncursed ring of protection from cold
 l - an uncursed ring of see invisible
 H - an uncursed ring of positive energy
 K - the ring of Aplooj (left hand) {*Contam +Fly rElec Dex+3}
   (You found it on level 15 of the Dungeon)

   [ring of flight]

   It affects your dexterity (+3).
   It insulates you from electricity.
   It lets you fly.
   It causes magical contamination when unequipped.
 M - a +4 ring of evasion (right hand)
 P - an uncursed ring of protection from magic
 Q - an amulet of the acrobat (around neck)
Wands
 n - a wand of digging (8)
 u - a wand of iceblast (30)
 A - a wand of paralysis (17)
 G - a wand of acid (29)
Scrolls
 m - 13 scrolls of teleportation
 p - a scroll of fog
 r - 8 scrolls of remove curse
 y - a scroll of fear
 B - 2 scrolls of silence
 C - 5 scrolls of magic mapping
 E - 3 scrolls of enchant armour
 F - 3 scrolls of immolation
 U - 2 scrolls of blinking
Potions
 d - 18 potions of curing
 f - 9 potions of flight
 g - 7 potions of might
 k - 10 potions of heal wounds
 s - 4 potions of haste
 t - 6 potions of agility
 z - a potion of resistance
 I - 2 potions of cancellation
 O - 4 potions of invisibility
 R - a potion of mutation
 S - 6 potions of ambrosia
Comestibles
 c - 54 rations
 W - 16 chunks of flesh


   Skills:
 * Level 18.8(5.8) Fighting
   Level 14.1(3.1) Polearms
 + Level 9.7(1.6) Staves
 - Level 20.0(6.7) Bows
 - Level 6.0(0.0) Armour
 + Level 9.8(0.0) Dodging


You had 17 spell levels left.
You didn't know any spells.
Your spell library was empty.

Dungeon Overview and Level Annotations

Branches:
Dungeon (15/15)            Temple (0/1) D:6            Lair (6/6) D:10
 Shoals (4/4) Lair:3       Spider (4/4) Lair:4        Slime (0/5) Lair:5
    Orc (2/2) D:9             Elf (0/3) Orc:2        Vaults (1/5) D:13
 Depths (0/5) D:15

Altars:
Elyvilon
Makhleb
Ru
Vehumet
Wu Jian
Yredelemnul
Zin

Shops:
D:5 :   D:6 [   D:7 [   D:11 (   Orc:2 =[*(

Annotations:
D:3 2 transporters, hemabe's ghost, amateur HuAr
Lair:1 exclusion: oklob plant
Lair:4 2 transporters, hemabe's ghost, journeyman HuAr
Orc:1 Sonja


Innate Abilities, Weirdness & Mutations

You have hooves in place of feet.
Armour fits poorly on your strangely shaped body.
You cover ground very quickly.
You have extremely tough skin. (AC +3)


Message History

* * * LOW HITPOINT WARNING * * *
The spriggan defender blocks your attack.
The spriggan defender is severely wounded.
The spriggan defender hits you with a +1 demon whip of draining!
* * * LOW HITPOINT WARNING * * *
You feel drained.
* * * LOW HITPOINT WARNING * * *
The spriggan defender hits you with a +1 demon whip of draining!!
* * * LOW HITPOINT WARNING * * *
You feel drained.
* * * LOW HITPOINT WARNING * * *
The spriggan defender blocks your attack.
Your kick misses the spriggan defender.
The spriggan defender is severely wounded.
The spriggan defender hits you but does no damage.
You feel drained.
The spriggan defender hits you with a +1 demon whip of draining.
* * * LOW HITPOINT WARNING * * *
You feel drained.
You die...

.......######)#G# ##
###+####.(....#O.....
######'#####'##
#......#.....[#
#####'.#.######
#....#zGO#...
#+##.#{#O#.#
#.#i#.#.# #.#@#.'.#
#######'#####
#...#...#...#
#...........#
#...#...#...+
##.#######.##
#...#...#..)#
#...........#
#...#...#...#


You could see an ancient champion, a spriggan defender, a great orb of eyes and
an ogre.

Vanquished Creatures
  Arachne (Spider:3)
  Jorgrun (D:13)
  Asterion (Spider:2)
  2 krakens
  Polyphemus (Shoals:3)
  Kirke (Spider:2)
  Ilsuiw (Shoals:3)
  2 vault wardens (Vaults:1)
  5 ghost moths
  2 orc warlords
  3 emperor scorpions (Spider:4)
  A spriggan defender (Vaults:1)
  5 entropy weavers
  A stone giant (Orc:1)
  A spark wasp (Spider:4)
  Snorg (D:11)
  3 merfolk javelineers (Shoals:4)
  10 merfolk impalers
  2 fire dragons
  2 ogre magi (Orc:2)
  Erolcha (D:9)
  9 vault guards
  12 hydras
  2 rakshasas
  Erica (D:8)
  4 merfolk aquamancers
  2 merfolk avatars (Shoals:4)
  2 catoblepae
  3 alligator snapping turtles (Shoals:4)
  2 centaur warriors
  A queen ant (Spider:4)
  10 two-headed ogres
  A tengu warrior (D:13)
  8 death yaks
  11 sea snakes
  2 deep trolls (Orc:2)
  5 skeletal warriors
  A glowing orange brain (D:15)
  A wizard (D:15)
  3 ironbrand convokers (Vaults:1)
  A swamp dragon (Lair:6)
  A harpy (shapeshifter) (D:13)
  A wolf spider zombie (D:15)
  A lindwurm (Lair:6)
  12 orb spiders
  24 harpies
  2 deep elf magi
  15 ugly things
  30 wolf spiders
  2 orc sorcerers
  2 orc knights
  17 fauns (Shoals:1)
  10 cyclopes
  16 manticores
  A moth of wrath (Spider:4)
  2 elephants (Lair:6)
  4 black mambas
  7 merfolk sirens
  9 spiny frogs
  A torpor snail (Lair:6)
  Joseph (D:8)
  4 water nymphs
  3 vault sentinels (Vaults:1)
  A gargoyle (D:10)
  13 demonic crawlers
  A freezing wraith (Vaults:1)
  2 rime drakes (Lair:6)
  A redback zombie (D:15)
  An efreet (D:15)
  A harpy zombie (D:15)
  6 komodo dragons
  2 kobold demonologists (Bailey)
  12 trolls
  A tengu conjurer (D:12)
  21 jumping spiders
  2 wind drakes (shapeshifter)
  4 wind drakes
  36 merfolk
  11 hornets
  10 slime creatures
  5 blink frogs
  2 meliai zombies
  8 dream sheep
  7 hippogriffs
  7 snapping turtles
  30 tarantellas
  9 water elementals
  A wraith (D:14)
  60 redbacks
  4 wyverns
  34 yaks
  5 basilisks
  5 steam dragons
  A vampire mosquito (Lair:2)
  5 wargs
  4 soldier ants (Spider:4)
  2 acid dragons
  10 porcupines
  15 water moccasins
  4 swamp drakes
  6 ice beasts
  2 sky beasts
  33 orc warriors
  2 phantoms
  A black bear (D:8)
  An eye of draining (D:15)
  20 wolves
  25 ogres
  A boggart (Vaults:1)
  18 centaurs
  13 crocodiles
  21 bullfrogs
  A wyvern zombie (D:12)
  A wyvern skeleton (D:4)
  5 scorpions
  15 killer bees
  10 wights
  4 electric eels (Bailey)
  8 crimson imps
  7 centaur zombies
  3 bullfrog zombies
  A quasit (D:11)
  4 jellies
  7 hounds
  A yaktaur simulacrum (Vaults:1)
  12 orc priests
  2 bullfrog skeletons
  6 iguanas
  A centaur skeleton (D:11)
  21 orc wizards
  22 worker ants
  3 hound zombies (D:6)
  A hound skeleton (D:4)
  10 gnolls
  7 river rats
  20 adders
  6 shadow imps
  An ooze (D:2)
  3 worms (D:3)
  4 dart slugs
  4 leopard geckos
  78 orcs
  5 bats
  4 giant cockroaches
  19 goblins
  12 hobgoblins
  13 jackals
  5 quokkas
  5 ball pythons
  5 frilled lizards
  2 jackal zombies
  28 kobolds
  27 rats
  8 plants
  6 tentacles
1186 creatures vanquished.

Vanquished Creatures (collateral kills)
  A manticore (Shoals:1)
1 creature vanquished.

Vanquished Creatures (others)
  A human (Spider:2)
  A redback (Spider:2)
  An orc priest (D:13)
  An orc wizard (D:13)
  11 fungi
  21 plants
  7 tentacles
43 creatures vanquished.

Grand Total: 1230 creatures vanquished

Notes
Turn   | Place    | Note
-------+----------+-------------------------------------------
     0 | D:1      | MirrMurr the Centaur Berserker began the quest for the Orb.
     0 | D:1      | Reached XP level 1. HP: 19/19 MP: 1/1
   168 | D:1      | Reached XP level 2. HP: 26/26 MP: 2/2
  1294 | D:2      | Reached XP level 3. HP: 24/33 MP: 3/3
  1636 | D:2      | Reached ** piety under Trog
  1926 | D:2      | Found an ornate altar of the Wu Jian Council.
  1935 | D:2      | Reached XP level 4. HP: 40/40 MP: 4/4
  2124 | D:3      | Found a transporter.
  2237 | D:3      | Found a glowing drain.
  2248 | D:3      | Reached XP level 5. HP: 25/47 MP: 2/5
  2256 | Sewer    | Entered a sewer
  2479 | Sewer    | Reached *** piety under Trog
  2682 | Sewer    | Reached skill level 5 in Fighting
  3171 | D:3      | Noticed hemabe's ghost (amateur HuAr)
  3208 | D:3      | Found a transporter.
  3240 | D:3      | Reached **** piety under Trog
  3242 | D:3      | Reached XP level 6. HP: 39/56 MP: 3/6
  3711 | D:3      | Reached skill level 5 in Polearms
  3815 | D:4      | Found a radiant altar of Vehumet.
  4373 | D:4      | Reached XP level 7. HP: 50/63 MP: 7/7
  4496 | D:5      | Entered Level 5 of the Dungeon
  4585 | D:5      | Found Teulilal's Book Shoppe.
  4809 | D:5      | Found a burning altar of Makhleb.
  5685 | D:6      | Found Wyss's Armour Boutique.
  5690 | D:6      | Bought a +0 cloak for 54 gold pieces
  5690 | D:6      | Bought a cursed +0 pair of gloves for 42 gold pieces
  5714 | D:6      | Found a staircase to the Ecumenical Temple.
  5991 | D:6      | Reached XP level 8. HP: 67/73 MP: 8/8
  6932 | D:7      | Reached ***** piety under Trog
  7174 | D:7      | Reached XP level 9. HP: 48/83 MP: 5/9
  7290 | D:7      | Found Reitu's Antique Armour Boutique.
  7311 | D:7      | Found a flagged portal.
  7320 | Bailey   | Entered a bailey
  7796 | Bailey   | Found an iron altar of Okawaru.
  7796 | Bailey   | Noticed a kobold demonologist
  7796 | Bailey   | Noticed a kobold demonologist
  7807 | Bailey   | Noticed an ice devil
  7808 | Bailey   | Noticed a hellwing
  7810 | Bailey   | Killed a kobold demonologist
  7817 | Bailey   | Killed a kobold demonologist
  7877 | Bailey   | Reached skill level 10 in Fighting
  8101 | Bailey   | Got a brightly glowing dagger
  8166 | Bailey   | Noticed an orc knight
  8179 | Bailey   | Killed an orc knight
  8490 | Bailey   | Reached XP level 10. HP: 94/94 MP: 8/10
  9425 | D:7      | Reached skill level 10 in Polearms
  9785 | D:8      | Found the +8 orange crystal plate armour {Archmagi, Int+3
                  | Clar}
  9868 | D:8      | Received a gift from Trog
  9967 | D:8      | Noticed Joseph
  9981 | D:8      | Noticed Erica
  9999 | D:8      | Killed Erica
 10123 | D:8      | Found a white marble altar of Elyvilon.
 10150 | D:8      | Killed Joseph
 10150 | D:8      | Reached skill level 1 in Bows
 10180 | D:8      | Reached skill level 2 in Bows
 10943 | D:9      | Reached skill level 3 in Bows
 10962 | D:9      | Found a glowing silver altar of Zin.
 11240 | D:9      | Found a staircase to the Orcish Mines.
 11297 | D:9      | Noticed Erolcha
 11307 | D:9      | Killed Erolcha
 11307 | D:9      | Reached skill level 4 in Bows
 11485 | D:9      | Reached XP level 11. HP: 102/102 MP: 3/11
 11606 | D:10     | Entered Level 10 of the Dungeon
 11680 | D:10     | Reached skill level 5 in Bows
 11722 | D:10     | Noticed a six-headed hydra
 11733 | D:10     | Killed a six-headed hydra
 11845 | D:10     | Reached skill level 6 in Bows
 11944 | D:10     | Found a staircase to the Lair.
 11967 | D:10     | Received a gift from Trog
 12228 | D:11     | Found Egigyshott's Antique Weapon Boutique.
 12308 | D:11     | Noticed a seven-headed hydra
 12320 | D:11     | Killed a seven-headed hydra
 12514 | D:11     | Reached skill level 7 in Bows
 12592 | D:11     | Noticed Snorg
 12608 | D:11     | Killed Snorg
 12609 | D:11     | Received a gift from Trog
 12948 | D:11     | Noticed a deep elf mage
 13003 | D:11     | Killed a deep elf mage
 13003 | D:11     | Reached skill level 8 in Bows
 13310 | D:11     | Noticed a cyan ugly thing
 13317 | D:11     | Noticed a brown ugly thing
 13321 | D:11     | Killed a cyan ugly thing
 13335 | D:11     | Killed a brown ugly thing
 14186 | Lair:1   | Entered Level 1 of the Lair of Beasts
 14202 | Lair:1   | Noticed an oklob plant
 14252 | Lair:1   | Reached skill level 9 in Bows
 14523 | Lair:1   | Received a gift from Trog
 14524 | Lair:1   | Got a translucent shortbow {god gift}
 14533 | D:10     | Identified the +1 shortbow of Devotion {velocity, rPois MR+
                  | Str-2 SInv} (Trog gifted it to you on level 1 of the Lair
                  | of Beasts)
 14833 | Lair:1   | Reached XP level 12. HP: 99/112 MP: 4/12
 15499 | Lair:1   | You fall through a shaft!
 15765 | Lair:2   | Reached skill level 10 in Bows
 15771 | Lair:2   | Reached skill level 5 in Dodging
 16869 | Lair:3   | Noticed a six-headed hydra
 17314 | Lair:3   | Reached skill level 11 in Bows
 18040 | Lair:3   | Found a staircase to the Shoals.
 18325 | Lair:3   | Killed a six-headed hydra
 18616 | Lair:4   | Found a transporter.
 18627 | Lair:4   | Noticed a death yak
 18628 | Lair:4   | Noticed a four-headed hydra
 18628 | Lair:4   | Noticed hemabe's ghost (journeyman HuAr)
 18634 | Lair:4   | Found a transporter.
 18726 | Lair:4   | Found a hole to the Spider Nest.
 19310 | Lair:5   | Reached skill level 12 in Bows
 19341 | Lair:5   | Noticed a seven-headed hydra
 19392 | Lair:5   | Killed a seven-headed hydra
 19392 | Lair:5   | Received a gift from Trog
 20102 | Lair:5   | Reached XP level 13. HP: 115/119 MP: 11/13
 20172 | Lair:5   | Found a staircase to the Slime Pits.
 20243 | Lair:5   | Found a basalt altar of Yredelemnul.
 20675 | Lair:6   | Entered Level 6 of the Lair of Beasts
 20984 | Lair:6   | Received a gift from Trog
 21046 | Lair:6   | Reached skill level 13 in Bows
 21051 | Lair:6   | Noticed a fire dragon
 21067 | Lair:6   | Killed a fire dragon
 22180 | Lair:6   | Reached skill level 14 in Bows
 22686 | Lair:6   | Received a gift from Trog
 23990 | Lair:6   | Reached XP level 14. HP: 129/129 MP: 14/14
 24012 | Lair:6   | Reached skill level 15 in Bows
 24918 | D:12     | Received a gift from Trog
 25863 | D:13     | Reached ****** piety under Trog
 26116 | D:13     | HP: 6/130 [vault guard/+1 great sword of slicing (2)]
 26591 | D:13     | Found a gate to the Vaults.
 26627 | D:13     | Received a gift from Trog
 26880 | D:13     | Noticed Jorgrun
 26901 | D:13     | Killed Jorgrun
 26901 | D:13     | Reached skill level 16 in Bows
 28713 | D:15     | Entered Level 15 of the Dungeon
 29003 | D:15     | Got a faintly glowing platinum ring
 29007 | D:15     | Identified the ring of Aplooj {*Contam +Fly rElec Dex+3}
                  | (You found it on level 15 of the Dungeon)
 29136 | D:15     | Reached skill level 17 in Bows
 29204 | D:15     | Reached XP level 15. HP: 139/139 MP: 4/15
 30058 | D:15     | Received a gift from Trog
 30721 | D:15     | Found a sacrificial altar of Ru.
 31343 | D:15     | Found a staircase to the Depths.
 31394 | D:15     | Identified the +6 dagger of Psychosis {vamp, +Fly} (You
                  | found it in a bailey)
 31524 | Orc:1    | Entered Level 1 of the Orcish Mines
 31594 | Orc:1    | Received a gift from Trog
 32369 | Orc:2    | Entered Level 2 of the Orcish Mines
 32380 | Orc:2    | Found a staircase to the Elven Halls.
 32751 | Orc:2    | Received a gift from Trog
 32772 | Orc:2    | Reached skill level 18 in Bows
 32871 | Orc:2    | Found Xuacs's Antique Armour Shoppe.
 32931 | Orc:2    | Found Vaokics's Jewellery Emporium.
 32935 | Orc:2    | Noticed an orc warlord
 33036 | Orc:2    | Killed an orc warlord
 33037 | Orc:2    | Noticed an orc warlord
 33118 | Orc:2    | Found Feqo's Assorted Antiques.
 33124 | Orc:2    | Found Naucs's Weapon Emporium.
 33567 | Orc:1    | Killed an orc warlord
 34304 | Orc:1    | Noticed Sonja
 35471 | Orc:2    | Bought the +8 lajatang of the Lame Duck {flame, +Fly Int+4
                  | Dex+2 Stlth-} for 1134 gold pieces
 35485 | Orc:2    | Bought an uncursed ring of poison resistance for 280 gold
                  | pieces
 35606 | Spider:1 | Entered Level 1 of the Spider Nest
 35645 | Spider:1 | Reached skill level 15 in Fighting
 35973 | Spider:1 | Received a gift from Trog
 36014 | Spider:1 | Reached skill level 1 in Staves
 36547 | Spider:1 | Received a gift from Trog
 36607 | Spider:1 | Reached XP level 16. HP: 109/149 MP: 16/16
 36677 | Spider:1 | Received a gift from Trog
 36984 | Spider:1 | Reached skill level 19 in Bows
 37643 | Spider:2 | Noticed Kirke
 38009 | Spider:2 | Killed Kirke
 38745 | Spider:3 | Noticed Asterion
 38760 | Spider:2 | Killed Asterion
 39344 | Spider:3 | Got a pair of ancient gloves
 39356 | Spider:3 | Identified the +2 pair of gloves of Uskayaw's Displeasure
                  | {rPois rCorr} (You acquired it on level 3 of the Spider
                  | Nest)
 39572 | Spider:3 | Noticed Arachne
 39611 | Spider:3 | Killed Arachne
 39712 | Spider:3 | Reached skill level 20 in Bows
 39894 | Spider:4 | Entered Level 4 of the Spider Nest
 39921 | Spider:4 | Received a gift from Trog
 40443 | Spider:4 | Reached skill level 5 in Staves
 40763 | Spider:4 | Reached skill level 5 in Armour
 41170 | Spider:4 | Reached XP level 17. HP: 158/158 MP: 17/17
 41203 | Spider:4 | Received a gift from Trog
 41359 | Spider:4 | Got a gossamer rune of Zot
 41388 | Spider:4 | Received a gift from Trog
 42062 | Shoals:1 | Entered Level 1 of the Shoals
 42099 | Shoals:1 | Received a gift from Trog
 43068 | Shoals:1 | Noticed a kraken
 43095 | Shoals:1 | Killed a kraken
 43744 | Shoals:2 | Received a gift from Trog
 44122 | Shoals:2 | Noticed a kraken
 44136 | Shoals:2 | Killed a kraken
 44642 | Shoals:3 | Noticed Ilsuiw
 45539 | Shoals:3 | Killed Ilsuiw
 45801 | Shoals:3 | Reached XP level 18. HP: 171/171 MP: 18/18
 45846 | Shoals:3 | Noticed Polyphemus
 45865 | Shoals:3 | Killed Polyphemus
 46367 | Shoals:4 | Entered Level 4 of the Shoals
 46795 | Shoals:4 | Received a gift from Trog
 47238 | Shoals:4 | Received a gift from Trog
 48095 | Shoals:4 | Got a barnacled rune of Zot
 48497 | Vaults:1 | Entered Level 1 of the Vaults
 48567 | Vaults:1 | Received a gift from Trog
 48820 | Vaults:1 | Received a gift from Trog
 48867 | Vaults:1 | HP: 3/174 [spriggan defender/+1 demon whip of draining (9)]
 48868 | Vaults:1 | HP: 1/174 [spriggan defender/+1 demon whip of draining (2)]
 48868 | Vaults:1 | Slain by a spriggan defender

Levels and vault maps discovered:
D:1:      elethiomel_arrival_quiet, layout_basic
D:2:      layout_loops_ring, overflow_temple_1_default, first_ration
D:3:      layout_loops_cross, gammafunk_ghost_arena, lightli_sewer_entry_pipes
D:4:      layout_loops_cross, vehumet_crystals
D:5:      layout_loops_corners, overflow_temple_1_default, serial_shops, shop,
          hangedman_decor_points, minmay_chambers_of_fives
D:6:      minmay_cornered_nines, layout_basic, minmay_temple_entry_mist,
          serial_shops, kennysheep_little_box
D:7:      layout_loops_cross, enter_bailey_6, serial_shops,
          nicolae_shop_behind_doors
D:8:      layout_loops_cross, elyvilon_altar_1, uniq_joseph, uniq_erica
D:9:      layout_rooms, orc_0_dummy, basic_altar, grunt_pizzeria, uniq_erolcha
D:10:     layout_rooms, lair_entry_dummy
D:11:     layout_cave_pods, serial_shops, shop, minivault_10,
          minmay_diced_spiral, uniq_snorg
D:12:     layout_grid_maze
D:13:     layout_roguey, erik_vaults_2, uniq_jorgrun
D:14:     layout_cave_pods
D:15:     gammafunk_enter_depths_forms, layout_irregular_city,
          nicolae_ru_the_path_less_chosen
Lair:1:   beast_lair_carwin_large_2, layout_misc_corridors,
          serial_bayou_shore_a, minmay_lair_oklob_chamber
Lair:2:   layout_hall_layers, pond, lemuel_fruit_fields
Lair:3:   layout_small_grid, minmay_shoals_entry_hut, serial_rivers,
          chequers_serial_rivers_micro_e, chequers_serial_rivers_marsh,
          chequers_serial_rivers_marsh, chequers_serial_rivers_micro_b,
          chequers_serial_rivers_large_b
Lair:4:   layout_regular_city, spider_nest_entry_rubble,
          gammafunk_ghost_berserking_beasts, chequers_serial_rivers_micro_c,
          grunt_megastairs_3
Lair:5:   layout_layer_cave, minmay_slime_entry_pillars, basic_altar,
          lemuel_fruit_tree
Lair:6:   hangedman_lair_in_review, layout_cave_pods, guppyfry_lair_end_dragon
Shoals:1: layout_shoals, nicolae_shoals_square_sea_wall
Shoals:2: layout_shoals
Shoals:3: layout_shoals, uniq_polyphemus, uniq_ilsuiw
Shoals:4: shoals_end_simple, layout_shoals
Spider:1: layout_chambers
Spider:2: layout_spider_delve, hangedman_spider_mandibles, drop_trap, uniq_kirke
Spider:3: layout_spider_delve, uniq_arachne, uniq_asterion
Spider:4: grunt_spider_rune_parallel, minmay_another_anthill
Orc:1:    layout_caves, uniq_sonja
Orc:2:    st_orc_open, layout_diamond_mine
Vaults:1: nicolae_vaults_little_squares_5, v_misc_30, nicolae_vaults_big_ls,
          sword_in_stone, nicolae_vaults_ninety_degrees,
          nicolae_vaults_back_hallway, vaults_room_grid, v_misc_22, v_misc_5,
          v_misc_4, nicolae_vaults_alarming, layout_vaults_omnibox,
          serial_shops, nicolae_shop_window_shopping
Sewer:    sewer_minmay_treatment
Bailey:   bailey_axe_of_yendor_kennysheep, bailey

Skill      XL: |  1  2  3  4  5  6  7  8  9 10 11 12 13 14 15 16 17 18 |
---------------+-------------------------------------------------------+-----
Polearms       | 3 4 5 6 8 9 10 11 12 13 14 | 14.1
Fighting       | 4 5 6 7 9 10 11 12 13 14 15 17 18 | 18.8
Armour         | 2 5 6 |  6.0
Dodging        | 3 4 6 7 8 9 |  9.8
Bows           | 4 9 12 14 17 18 20 | 20.0
Staves         | 1 5 8 9 |  9.7

Action                   |  1- 3 |  4- 6 |  7- 9 | 10-12 | 13-15 | 16-18 || total
-------------------------+-------+-------+-------+-------+-------+-------++-------
Melee: Spear             |   102 |   232 |       |       |       |       ||   334
       Kick              |    19 |    63 |    85 |   137 |   112 |   107 ||   523
       Trident           |       |    76 |   354 |   111 |       |       ||   541
       Glaive            |       |       |       |   371 |   393 |       ||   764
       Shortbow          |       |       |       |     4 |       |       ||     4
       Lajatang          |       |       |       |       |    34 |   261 ||   295
 Fire: Shortbow          |       |       |       |   588 |  1975 |       ||  2563
       Longbow           |       |       |       |       |       |  1191 ||  1191
Invok: Trog's Hand       |       |     3 |       |     6 |     4 |     7 ||    20
       Berserk           |       |       |     8 |     8 |     5 |     4 ||    25
  Use: Scroll            |     4 |     5 |     3 |    20 |     8 |    17 ||    57
       Potion            |       |       |       |       |     3 |       ||     3
 Stab: Sleeping          |       |       |       |     1 |       |       ||     1
  Eat: Chunk             |     2 |     8 |    18 |    28 |    37 |    28 ||   121
       Ration            |       |       |       |     4 |     3 |     3 ||    10
Armor: Animal skin       |     2 |       |       |       |       |       ||     2
       Ring mail         |    18 |       |       |       |       |       ||    18
       Scale mail        |     1 |   104 |    99 |    32 |       |       ||   236
       Crystal plate arm |       |       |       |   525 |   805 |   654 ||  1984
Dodge: Dodged            |    25 |    96 |   109 |    99 |   208 |   240 ||   777

Table legend:
 A = Non-vault XP
 B = Vault XP
 C = Vault XP percentage of total XP
 D = Non-vault monster count
 E = Vault monster count
 F = Vault count percentage of total count
                 A         B        C        D         E       F
            +---------+---------+-------+---------+---------+-------
      Total |  214048 |  129037 |  37.6 |     822 |     352 |  30.0
            +---------+---------+-------+---------+---------+-------
        D:1 |      32 |       0 |   0.0 |      15 |       0 |   0.0
        D:2 |      65 |       0 |   0.0 |      23 |       0 |   0.0
        D:3 |     200 |      55 |  21.6 |      28 |       5 |  15.2
        D:4 |     252 |       0 |   0.0 |      16 |       0 |   0.0
        D:5 |     266 |      92 |  25.7 |       7 |       4 |  36.4
        D:6 |     821 |     325 |  28.4 |      18 |       3 |  14.3
        D:7 |    1227 |       0 |   0.0 |      36 |       0 |   0.0
        D:8 |    1747 |    1373 |  44.0 |      37 |       2 |   5.1
        D:9 |     488 |    1163 |  70.4 |       9 |       2 |  18.2
       D:10 |    2968 |     119 |   3.9 |      20 |       1 |   4.8
       D:11 |    3407 |    1906 |  35.9 |      25 |       5 |  16.7
       D:12 |    5212 |       0 |   0.0 |      25 |       0 |   0.0
       D:13 |    6605 |   11210 |  62.9 |      28 |       9 |  24.3
       D:14 |   11152 |       0 |   0.0 |      37 |       0 |   0.0
       D:15 |   12730 |    4287 |  25.2 |      34 |       8 |  19.0
     Lair:1 |    3182 |     626 |  16.4 |      16 |       5 |  23.8
     Lair:2 |    2977 |     578 |  16.3 |      16 |       4 |  20.0
     Lair:3 |    4934 |     238 |   4.6 |      20 |       1 |   4.8
     Lair:4 |     533 |     601 |  53.0 |       4 |       4 |  50.0
     Lair:5 |    7948 |     302 |   3.7 |      27 |       2 |   6.9
     Lair:6 |    9898 |   14851 |  60.0 |      31 |      39 |  55.7
   Shoals:1 |   29476 |       0 |   0.0 |      52 |       0 |   0.0
   Shoals:2 |   11937 |       0 |   0.0 |      23 |       0 |   0.0
   Shoals:3 |   13891 |    8850 |  38.9 |      32 |       8 |  20.0
   Shoals:4 |   15674 |   17963 |  53.4 |      31 |      28 |  47.5
   Spider:1 |   14023 |       0 |   0.0 |      40 |       0 |   0.0
   Spider:2 |    7263 |    4879 |  40.2 |      28 |       2 |   6.7
   Spider:3 |   20426 |    3424 |  14.4 |      45 |       1 |   2.2
   Spider:4 |    8937 |   29933 |  77.0 |      22 |      74 |  77.1
      Orc:1 |    6268 |       0 |   0.0 |      22 |       0 |   0.0
      Orc:2 |    5035 |   15843 |  75.9 |      50 |      37 |  42.5
   Vaults:1 |    4474 |    7454 |  62.5 |       5 |      17 |  77.3
      Sewer |       0 |     143 | 100.0 |       0 |      48 | 100.0
     Bailey |       0 |    2822 | 100.0 |       0 |      43 | 100.0
            +---------+---------+-------+---------+---------+-------
